 Dungeon Crawl Stone Soup version 0.30.0-29-ga12c61a403 (webtiles) character file.

Game seed: 5502910823961785609

56 cheesebisquit the Slasher (level 3, 0/28 HPs)
             Began as a Barachi Warper on June 3, 2023.
             Slain by Jessica
             ... wielding a +0 dagger
              (2 damage)
             ... on level 2 of the Dungeon.
             The game lasted 00:03:51 (1457 turns).

cheesebisquit the Slasher (Barachi Warper)          Turns: 1457, Time: 00:03:51

Health: 0/28       AC:  5    Str: 12    XL:     3   Next: 95%
Magic:  6/6        EV: 11    Int: 19    God:
Gold:   123        SH:  0    Dex: 19    Spells: 6/6 levels left

rFire   . . .        a - +0 falchion
rCold   . . .        (no shield)
rNeg    . . .        e - +0 ring mail
rPois   .            (no helmet)
rElec   .            (no cloak)
rCorr   .            (no gloves)
SInv    .            (no boots)
Will    .....        (no amulet)
Stlth   +            k - +6 ring of intelligence
HPRegen 0.24/turn    l - +6 ring of dexterity
MPRegen 0.10/turn

%: no passive effects
@: slow
A: amphibious, slowness 1, strong legs 1, +LOS
a: Hop


You were on level 2 of the Dungeon.
You visited 1 branch of the dungeon, and saw 2 of its levels.

You collected 123 gold pieces.

Inventory:

Hand Weapons
 a - a +0 falchion (weapon)
Missiles
 d - 7 boomerangs of dispersal (quivered)
 n - 8 poisoned darts
Armour
 b - a +0 leather armour
 e - a +0 ring mail (worn)
Jewellery
 k - a +6 ring of intelligence (left hand)
 l - a +6 ring of dexterity (right hand)
Scrolls
 c - 2 scrolls of blinking
 f - 2 scrolls of identify {unknown}
 g - a scroll of teleportation {unknown}
 i - a scroll of noise {unknown}
 m - 2 scrolls of immolation {unknown}
 o - a scroll of magic mapping {unknown}
 q - a scroll of vulnerability {unknown}
Potions
 p - a potion of flight
 r - a potion of ambrosia {unknown}


   Skills:
 - Level 2.4 Fighting
 + Level 5.0 Long Blades
 - Level 1.0 Throwing
 - Level 1.2 Armour
 - Level 2.1 Dodging
 - Level 2.1 Spellcasting
 - Level 3.2 Translocations


You had 6 spell levels left.
You didn't know any spells.
Your spell library contained the following spells:

 Spells                   Type           Power      Damage    Failure   Level
 Blink                    Tloc           28%        N/A       14%         2
 Lesser Beckoning         Tloc           28%        N/A       14%         2
 Gell's Gravitas          Tloc           14%        N/A       28%         3
 Teleport Other           Tloc           14%        N/A       28%         3
 Summon Small Mammal      Summ           8%         N/A       36%         1
 Vhi's Electric Charge    Tloc/Air       16%        N/A       50%         3
 Manifold Assault         Tloc           14%        N/A       67%         4
 Call Canine Familiar     Summ           2%         N/A       75%         3
 Summon Guardian Golem    Hex/Summ       2%         N/A       75%         3


Dungeon Overview and Level Annotations

Branches:
Dungeon (2/15)

Altars:

Annotations:
D:2 Jessica


Innate Abilities, Weirdness & Mutations

You are amphibious.
You cover ground slowly.
You can hop short distances.
You have an extended range of vision and can be seen from far away.


Message History

Jessica is severely wounded.
Jessica hits you but does no damage. Jessica closely misses you.
You barely miss Jessica.
Jessica is severely wounded.
Jessica hits you but does no damage. Jessica barely misses you.
Jessica hits you but does no damage.
You closely miss Jessica.
Jessica is severely wounded.
You feel yourself speed up. Jessica casts a spell at you.
You barely resist. Jessica hits you with a +0 dagger.
You completely miss Jessica.
Jessica is severely wounded.
Jessica hits you with a +0 dagger. Jessica barely misses you.
You hit Jessica but do no damage.
Jessica is severely wounded.
Jessica hits you but does no damage.
You hit Jessica but do no damage.
Jessica is severely wounded.
Jessica hits you but does no damage. Jessica barely misses you.
You barely miss Jessica.
Jessica is severely wounded.
Jessica mumbles some strange words.
Jessica blinks!
Jessica gestures at you while chanting. Pain shoots through your body!
* * * LOW HITPOINT WARNING * * *
It was a potion of flight.
You feel very buoyant.
You fly up into the air.
It was a potion of cancellation.
Your magical effects are unravelling.
You feel magically purged.
You float gracefully downwards.
Jessica hits you with a +0 dagger.
* * * LOW HITPOINT WARNING * * *
Jessica gestures wildly while chanting.
Jessica blinks!
It was a potion of magic.
Magic courses through your body. Jessica hits you with a +0 dagger.
You die...

#.# #.# #.##......
#.# #.# #.##......
#.# #.#
##.#####.## #.#
###.####.#.####.##
#.#
#.......###..##.##
#.#
#.#.####.#.#.##.##
#.######
#.#.#####.##.##...
#[.....#
#@#....##.##.#####
######.#
#@####.##.##.## ##
#.# #ยง#
#.##.#...###. #.#
#.# #.##...#....#
#.#
#.####.####...##.#
#.#
#............###..
#.# ######.#######
### #.# #......#
##### #.# #.######
#...# #.# #.#
#....


You could see Jessica (fast).

Vanquished Creatures
  2 adders (D:2)
  A dart slug (D:1)
  3 ball pythons
  2 endoplasms
  4 giant cockroaches
  3 goblins
  2 hobgoblins (D:2)
  4 kobolds
  2 quokkas
  4 bats (D:1)
  6 rats
33 creatures vanquished.

Notes
Turn   | Place    | Note
-------+----------+-------------------------------------------
     0 | D:1      | cheesebisquit the Barachi Warper began the quest for the
                  | Orb.
     0 | D:1      | Reached XP level 1. HP: 17/17 MP: 3/3
   263 | D:1      | Reached skill level 3 in Long Blades
   314 | D:1      | Reached XP level 2. HP: 21/23 MP: 5/5
   654 | D:1      | Reached skill level 4 in Long Blades
   737 | D:1      | Reached XP level 3. HP: 28/28 MP: 6/6
  1293 | D:2      | Reached skill level 5 in Long Blades
  1437 | D:2      | Noticed Jessica
  1457 | D:2      | Slain by Jessica

Illustrated notes

Levels and vault maps discovered:
D:1:      scummos_arrival_forest, layout_basic, minmay_octomino_c4
D:2:      layout_loops_ring, moated_statue, uniq_jessica

Skill      XL: |  1  2  3 |
---------------+----------+-----
Long Blades    | 3 4 5 |  5.0
Fighting       | |  2.4
Throwing       | |  1.0
Armour         | |  1.2
Dodging        | |  2.1
Spellcasting   | |  2.1
Translocations | |  3.2

Action                     || total
---------------------------++-------
  Melee: Falchion          ||   100
         Punch             ||     2
    Use: Potion            ||     3
   Stab: Sleeping          ||     1
 Armour: Ring mail         ||    58
         Leather armour    ||     1
  Dodge: Dodged            ||    49
